 Dungeon Crawl Stone Soup version 0.30.1-11-g7821555f0a (webtiles) character file.

Game seed: 1870892679299928486

6 CaptainMV the Cudgeller (level 1, 0/15 HPs)
             Began as a Naga Wanderer on Nov 6, 2023.
             Slain by a jackal (3 damage)
             ... on level 1 of the Dungeon.
             The game lasted 00:02:21 (286 turns).

CaptainMV the Cudgeller (Naga Wanderer)              Turns: 286, Time: 00:02:22

Health: 0/15       AC:  1    Str: 11    XL:     1   Next: 90%
Magic:  1/2        EV:  9    Int: 14    God:
Gold:   4          SH:  0    Dex: 11    Spells: 1/2 levels left

rFire   . . .        a - +0 flail
rCold   . . .        (no shield)
rNeg    . . .        e - +0 robe
rPois   +            (no helmet)
rElec   .            (no cloak)
rCorr   .            (no gloves)
SInv    +            (no barding)
Will    .....        (no amulet)
Stlth   +            (no ring)
HPRegen 0.22/turn    (no ring)
MPRegen 0.08/turn

%: no passive effects
@: very slow
A: AC +0, large, see invisible, deformed body, poison resistance, slowness 2,
spit poison 1, naga tail 1
a: Spit Poison


You were on level 1 of the Dungeon.
You visited 1 branch of the dungeon, and saw 1 of its levels.

You collected 4 gold pieces.

Inventory:

Hand Weapons
 a - a +0 flail (weapon)
 c - a +0 dagger
Missiles
 b - 7 boomerangs (quivered)
Armour
 e - a +0 robe (worn)
Scrolls
 d - a scroll of blinking
 f - a scroll of identify {unknown}


   Skills:
 + Level 3.3 Maces & Flails
 + Level 2.8 Throwing
 + Level 1.0 Armour
 + Level 1.0 Spellcasting
 + Level 1.0 Summonings
 + Level 1.0 Invocations


You had one spell level left.
You knew the following spells:

 Your Spells              Type           Power      Damage    Failure   Level
a - Summon Small Mammal   Summ           12%        N/A       17%         1

Your spell library contained the following spells:

 Spells                   Type           Power      Damage    Failure   Level
 Call Canine Familiar     Summ           3%         N/A       45%         3


Dungeon Overview and Level Annotations

Branches:
Dungeon (1/15)

Altars:


Innate Abilities, Weirdness & Mutations

Your serpentine skin is tough. (AC +0)
You have supernaturally acute eyesight. (SInv)
Armour fits poorly on your strangely shaped body.
Your system is resistant to poisons. (rPois)
You cover ground very slowly.
You can spit poison.
You have a snake-like lower body.


Message History

The jackal bites your bat but does no damage.
Your bat hits the jackal but does no damage.
Your bat barely misses the jackal.
The jackal bites your bat.
Your bat dies!
Your bat's corpse disappears in a puff of smoke!
The jackal bites you but does no damage.
You closely miss the jackal.
The jackal is severely wounded.
The jackal bites you but does no damage.
The jackal bites you.
You completely miss the jackal.
The jackal is severely wounded.
The jackal barely misses you.
You barely miss the jackal.
The jackal is severely wounded.
The jackal bites you. x2
Casting: Summon Small Mammal (safe; 17% risk of failure)
Confirm with . or Enter, or press ? or * to list all spells.
The jackal barely misses you.
You swap places.
The jackal bites your rat.
Your rat dies!
Your rat's corpse disappears in a puff of smoke!
You miss the jackal.
The jackal is severely wounded.
The jackal closely misses you. The jackal attacks as you move away!
The jackal bites you.
You barely miss the jackal.
The jackal is severely wounded.
The jackal bites you. The jackal barely misses you.
The jackal bites you but does no damage.
The jackal attacks as you move away! The jackal closely misses you.
The jackal attacks as you move away! The jackal bites you.
You closely miss the jackal.
The jackal is severely wounded.
The jackal bites you.
* * * LOW HITPOINT WARNING * * *
You hit the jackal.
You kill the jackal!
The jackal bites you.
You die...

##########
#....h...#
######h######.#
#...@hh..#
#.######## #.#
#.#######
#........
#.###.##.
#.###.# #.....#
# #.###.##.#


You could see 3 jackals.

Vanquished Creatures
  2 bats (D:1)
  A hobgoblin (D:1)
  A jackal (D:1)
  2 rats (D:1)
6 creatures vanquished.

Vanquished Creatures (collateral kills)
  A ball python (D:1)
  A frilled lizard (D:1)
2 creatures vanquished.

Grand Total: 8 creatures vanquished

Notes
Turn   | Place    | Note
-------+----------+-------------------------------------------
     0 | D:1      | CaptainMV the Naga Wanderer began the quest for the Orb.
     0 | D:1      | CaptainMV set off with the following items: a +0 flail, 7
                  | boomerangs, a +0 dagger, a scroll of blinking, a +0 robe;
                  | and the following spell memorised: Summon Small Mammal; and
                  | the following spells available to memorise: Call Canine
                  | Familiar.
     0 | D:1      | Reached XP level 1. HP: 15/15 MP: 2/2
   286 | D:1      | Slain by a jackal

Illustrated notes

Levels and vault maps discovered:
D:1:      giann_horns, layout_basic, serial_shops, shop, eino_curves_02,
          chequers_serial_rivers_micro_c

Action                     || total
---------------------------++-------
  Melee: Flail             ||    24
   Cast: Summon Small Mamm ||     5
 Armour: Robe              ||     9
  Dodge: Dodged            ||    25
